[Event "World Prestigious University 2019"]
[Site "Tianjin"]
[Date "2019.11.27"]
[Round "4.2"]
[White "Zhong, Wei"]
[Black "Lei, Sean"]
[Result "0-1"]
[WhiteElo "1804"]
[BlackElo "1895"]
[PlyCount "112"]
[EventDate "2019.11.26"]
[EventType "team-tourn"]
[EventCountry "CHN"]
[TimeControl "1500+10"]
[WhiteClock "0:01:38"]
[BlackClock "0:00:12"]

1. e4 d6 2. d4 Nf6 3. Bd3 e5 4. d5 c6 5. c4 Be7 6. Ne2 O-O 7. O-O Nbd7 8. f3 Nc5 9. Bc2 a5 10. Nbc3 cxd5 11. cxd5 Nfd7 12. Ng3 b5 13. Nf5 b4 14. Na4 Ba6 15. Rf2 g6 16. Nxe7+ Qxe7 17. Bh6 Rfc8 18. Qd2 Bb5 19. Nxc5 Rxc5 20. Be3 Rc7 21. Bd3 Bxd3 22. Qxd3 Nc5 23. Bxc5 Rxc5 24. Rc2 Qa7 25. Kf1 Rac8 26. Rac1 Kg7 27. g3 h5 28. f4 Rxc2 29. Rxc2 Rxc2 30. Qxc2 exf4 31. gxf4 Qe3 32. Kg2 Qxf4 33. Qd3 Qe5 34. Qc2 g5 35. a3 bxa3 36. bxa3 g4 37. h3 Qf4 38. hxg4 hxg4 39. Qc3+ Kg6 40. Qd3 Kg5 41. Qd4 Qf3+ 42. Kg1 f6 43. Qd2+ Qf4 44. Qxa5 Qe3+ 45. Kf1 g3 46. Qe1 Qxe1+ 47. Kxe1 Kf4 48. Kf1 Kxe4 49. Kg2 Kxd5 50. Kxg3 Kc4 51. a4 Kb4 52. Kf4 d5 53. Ke3 f5 54. Kd4 f4 55. a5 Kxa5 56. Kxd5 f3 0-1

[Event "World Prestigious University 2019"]
[Site "Tianjin"]
[Date "2019.11.27"]
[Round "4.3"]
[White "Zhou, Qiyu"]
[Black "Serbanescu, Diana-Maria"]
[Result "1-0"]
[WhiteElo "2216"]
[BlackElo "1990"]
[PlyCount "139"]
[EventDate "2019.11.26"]
[EventType "team-tourn"]
[EventCountry "CHN"]
[TimeControl "1500+10"]
[WhiteClock "0:00:55"]
[BlackClock "0:02:04"]

1. e4 d6 2. d4 Nf6 3. Nc3 e5 4. Nf3 Nbd7 5. g3 Be7 6. Bg2 O-O 7. O-O c6 8. a4 a5 9. b3 Re8 10. Re1 Bf8 11. Bb2 exd4 12. Nxd4 Nc5 13. h3 Ne6 14. Qd2 Nxd4 15. Qxd4 Qc7 16. Rad1 Be6 17. Ne2 Rad8 18. Nf4 Bc8 19. c4 b6 20. Ne2 Be6 21. Nf4 Bc8 22. Kh2 Bb7 23. Qd2 Qe7 24. Qc2 Nd7 25. Ne2 Nc5 26. Nd4 g6 27. Qc3 Qe5 28. f4 Qg7 29. Qc2 Qh6 30. Rf1 Bg7 31. f5 Be5 32. Qf2 f6 33. Kh1 Qg7 34. Rfe1 Re7 35. Ba3 Ree8 36. Bxc5 bxc5 37. Ne6 Rxe6 38. fxe6 Qe7 39. Rd3 Bc8 40. Qd2 Kg7 41. Qxa5 Bxe6 42. Qb6 Qd7 43. g4 Ra8 44. Re2 Qc8 45. Ra2 Ra6 46. a5 Rxb6 47. axb6 d5 48. cxd5 cxd5 49. Ra7+ Kh6 50. exd5 Bd7 51. d6 Bc6 52. d7 Bxg2+ 53. Kxg2 Qc6+ 54. Kf2 Qxb6 55. d8=Q Qxa7 56. Kf3 Qb7+ 57. Qd5 Qb4 58. Qc4 Qxc4 59. bxc4 Kg5 60. Rd5 Kh4 61. Rxc5 Kxh3 62. Rxe5 fxe5 63. c5 h5 64. gxh5 gxh5 65. c6 e4+ 66. Kxe4 Kg2 67. c7 h4 68. c8=Q h3 69. Qg4+ Kh2 70. Kf3 1-0

[Event "World Prestigious University 2019"]
[Site "Tianjin"]
[Date "2019.11.27"]
[Round "4.4"]
[White "Wang, Yue"]
[Black "Kukhmazov, Arsen"]
[Result "1-0"]
[WhiteElo "2674"]
[BlackElo "2377"]
[PlyCount "62"]
[EventDate "2019.11.26"]
[EventType "team-tourn"]
[EventCountry "CHN"]
[TimeControl "1500+10"]
[WhiteClock "0:02:36"]
[BlackClock "0:02:45"]

1. d4 Nf6 2. c4 e6 3. Nf3 d5 4. g3 Bb4+ 5. Bd2 Be7 6. Bg2 O-O 7. O-O Nbd7 8. Qb3 Nb6 9. c5 Nc4 10. Bf4 b6 11. c6 a5 12. Qc2 Ne4 13. b3 Ncd6 14. a4 Ba6 15. Na3 b5 16. axb5 Nxb5 17. Nxb5 Bxb5 18. Ne5 Nf6 19. Rfc1 Ra6 20. g4 Bd6 21. Bf3 Bxe5 22. dxe5 Rxc6 23. Qd2 Rxc1+ 24. Rxc1 Nd7 25. Qxa5 c6 26. Qxd8 Re8 27. Ra1 Rxd8 28. h4 Nc5 29. b4 h6 30. Bd2 Na6 31. Kg2 Ra8 1-0

[Event "World Prestigious University 2019"]
[Site "Tianjin"]
[Date "2019.11.27"]
[Round "4.5"]
[White "Tarasov, Alexandr"]
[Black "Li, Yankai"]
[Result "1/2-1/2"]
[WhiteElo "2348"]
[BlackElo "2432"]
[PlyCount "74"]
[EventDate "2019.11.26"]
[EventType "team-tourn"]
[EventCountry "CHN"]
[TimeControl "1500+10"]
[WhiteClock "0:13:14"]
[BlackClock "0:00:59"]

1. c4 c5 2. Nf3 Nc6 3. d4 cxd4 4. Nxd4 Nf6 5. Nc3 e6 6. Bf4 d5 7. cxd5 Nxd5 8. Nxc6 bxc6 9. Bd2 Bb4 10. g3 Nxc3 11. Bxc3 Bxc3+ 12. bxc3 Qxd1+ 13. Kxd1 Rb8 14. Kc2 e5 15. e4 Be6 16. Bd3 Ke7 17. f4 f6 18. Rhb1 Rb6 19. c4 Kd6 20. Kc3 Rhb8 21. Rb3 a5 22. Rab1 Kc5 23. Rxb6 Rxb6 24. Rxb6 Kxb6 25. f5 Bf7 26. g4 h5 27. Be2 h4 28. h3 Kc5 29. a3 Kd6 30. Bd3 Be8 31. Bc2 Ke7 32. c5 Bf7 33. Bb3 Bxb3 34. Kxb3 Kd7 35. Ka4 Kc7 36. Kxa5 Kb7 37. a4 Ka7 1/2-1/2

[Event "World Prestigious University 2019"]
[Site "Tianjin"]
[Date "2019.11.27"]
[Round "4.6"]
[White "Xiao, Yiyi"]
[Black "Bogachkova, Alena"]
[Result "1/2-1/2"]
[WhiteElo "2306"]
[BlackElo "2080"]
[Annotator "RC"]
[PlyCount "81"]
[EventDate "2019.11.26"]
[EventType "team-tourn"]
[EventCountry "CHN"]
[TimeControl "1500+10"]
[WhiteClock "0:00:38"]
[BlackClock "0:00:27"]

1. d4 d5 2. c4 c6 3. Nc3 Nf6 4. e3 e6 5. Nf3 Nbd7 6. Qc2 Bd6 7. Be2 O-O 8. O-O dxc4 9. Bxc4 e5 10. Rd1 Qc7 11. h3 h6 12. a3 exd4 13. Nxd4 Nb6 14. Ba2 a6 15. Bd2 Bd7 16. Nf5 Bxf5 17. Qxf5 Rae8 18. Rac1 Re5 19. Qf3 Rfe8 20. Be1 Qe7 21. Ne2 Nbd5 22. Ng3 g6 23. Bc3 Nxc3 24. Rxc3 Kg7 25. Rcd3 Bc7 26. Nf1 Rd8 27. Qe2 Rxd3 28. Qxd3 Qc5 29. Nh2 Re7 30. Qc4 Qxc4 31. Bxc4 Rd7 32. Rxd7 Nxd7 33. f4 f5 34. Be6 Nb6 35. Nf3 Kf6 36. Bg8 Na4 37. b3 Nc5 38. Nd2 a5 39. Kf2 Ne4+ 40. Nxe4+ fxe4 41. g4 1/2-1/2

[Event "World Prestigious University 2019"]
[Site "Tianjin"]
[Date "2019.11.27"]
[Round "4.8"]
[White "Wei, Siyu"]
[Black "Hirao, Satoshi"]
[Result "1-0"]
[WhiteElo "2106"]
[BlackElo "1958"]
[PlyCount "67"]
[EventDate "2019.11.26"]
[EventType "team-tourn"]
[EventCountry "CHN"]
[TimeControl "1500+10"]
[WhiteClock "0:00:24"]
[BlackClock "0:04:19"]

1. d4 Nf6 2. Bg5 Ne4 3. Bf4 c5 4. d5 Qa5+ 5. c3 e6 6. f3 Nf6 7. e4 exd5 8. exd5 d6 9. Na3 Be7 10. Ne2 O-O 11. Ng3 Rd8 12. Be2 a6 13. Nc4 Qc7 14. a4 b6 15. O-O g6 16. Ne3 Ne8 17. Ne4 Bf8 18. Bg5 Be7 19. Bh6 Ng7 20. f4 Re8 21. Bxg7 Kxg7 22. f5 Nd7 23. Bd3 Bf8 24. fxg6 hxg6 25. Nc4 Ne5 26. Nf6 Bb7 27. Nxe8+ Rxe8 28. Nxe5 Rxe5 29. c4 b5 30. axb5 axb5 31. b3 bxc4 32. bxc4 Bc8 33. Qf3 Kg8 34. Bxg6 1-0

[Event "World Prestigious University 2019"]
[Site "Tianjin"]
[Date "2019.11.27"]
[Round "4.9"]
[White "Balashov, Yuri S"]
[Black "Lu, Hongyi"]
[Result "0-1"]
[WhiteElo "2465"]
[BlackElo "1862"]
[PlyCount "42"]
[EventDate "2019.11.26"]
[EventType "team-tourn"]
[EventCountry "CHN"]
[TimeControl "1500+10"]
[WhiteClock "0:10:12"]
[BlackClock "0:00:44"]

1. e4 e6 2. d4 d5 3. e5 c5 4. c3 Nc6 5. Nf3 Qb6 6. Na3 cxd4 7. cxd4 Bd7 8. Nc2 Nb4 9. b3 Nxc2+ 10. Qxc2 Rc8 11. Qd3 Bb4+ 12. Bd2 Ne7 13. Be2 a6 14. a4 Nf5 15. Rd1 Bxd2+ 16. Rxd2 O-O 17. O-O Qb4 18. Ne1 Rc3 19. Qb1 Rxb3 20. Qa1 Qxd2 21. Bg4 Nxd4 0-1

[Event "World Prestigious University 2019"]
[Site "Tianjin"]
[Date "2019.11.27"]
[Round "4.10"]
[White "Li, Ethan"]
[Black "Isakov, Michael"]
[Result "1/2-1/2"]
[WhiteElo "2209"]
[BlackElo "2162"]
[PlyCount "95"]
[EventDate "2019.11.26"]
[EventType "team-tourn"]
[EventCountry "CHN"]
[TimeControl "1500+10"]
[WhiteClock "0:00:28"]
[BlackClock "0:01:01"]

1. d4 d5 2. Nf3 Nf6 3. e3 e6 4. Bd3 c5 5. b3 b6 6. O-O Nbd7 7. Bb2 Be7 8. Ne5 Bb7 9. f4 g6 10. Nd2 O-O 11. Qf3 Qc7 12. Qh3 Ne4 13. Nxe4 dxe4 14. Bc4 Nxe5 15. dxe5 Rad8 16. g4 Bd5 17. f5 Bg5 18. Qg3 Bxc4 19. bxc4 Rd2 20. Rf2 Rfd8 21. h4 Be7 22. f6 Bf8 23. Bc3 Rxf2 24. Qxf2 Qc6 25. a4 a6 26. Qe2 Rb8 27. Kf2 b5 28. cxb5 axb5 29. a5 b4 30. Bb2 c4 31. Bd4 Ra8 32. g5 Qb5 33. h5 Bc5 34. hxg6 hxg6 35. Qg4 Bxd4 36. exd4 Qd5 37. Rd1 Rxa5 38. Qh4 e3+ 39. Kg3 e2 40. Qh6 Ra3+ 41. Kh2 Rh3+ 42. Kxh3 Qf3+ 43. Kh2 Qf2+ 44. Kh3 Qe3+ 45. Kh4 Qf4+ 46. Kh3 Qe3+ 47. Kh4 Qf4+ 48. Kh3 1/2-1/2

[Event "World Prestigious University 2019"]
[Site "Tianjin"]
[Date "2019.11.27"]
[Round "4.13"]
[White "Daniel, Karim Abbas"]
[Black "Theodorou, Nikolas"]
[Result "0-1"]
[WhiteElo "2251"]
[BlackElo "2555"]
[PlyCount "90"]
[EventDate "2019.11.26"]
[EventType "team-tourn"]
[EventCountry "CHN"]
[TimeControl "1500+10"]
[WhiteClock "0:00:24"]
[BlackClock "0:00:24"]

1. e4 c5 2. Nf3 d6 3. Bb5+ Nd7 4. O-O a6 5. Bd3 Ngf6 6. Re1 e6 7. c3 b5 8. Bc2 c4 9. a4 Bb7 10. d3 cxd3 11. Qxd3 Nc5 12. Qe2 bxa4 13. Rxa4 Be7 14. Rd4 Qc7 15. b4 Ncd7 16. Red1 O-O 17. Na3 e5 18. Rc4 Qb8 19. Nd2 Nb6 20. Nb3 Nxc4 21. Nxc4 Qc7 22. Nba5 Rac8 23. Be3 Bc6 24. Bb6 Qb8 25. Qe3 Bb5 26. Ba7 Qc7 27. Bb6 Qd7 28. Nxe5 dxe5 29. Rxd7 Nxd7 30. Ba7 Bxb4 31. cxb4 Rxc2 32. h3 Re2 33. Qf3 Nf6 34. Be3 Rd8 35. Kh2 Re1 36. Bg5 Rdd1 37. Qf5 Rh1+ 38. Kg3 Rd3+ 39. f3 Nd7 40. Nb7 h6 41. Be7 g6 42. Qg4 Rd2 43. Nc5 Bf1 44. Kh4 h5 45. Qg5 Rxg2 0-1

[Event "World Prestigious University 2019"]
[Site "Tianjin"]
[Date "2019.11.27"]
[Round "4.14"]
[White "Chandra, Akshat"]
[Black "Mihov, Filip"]
[Result "1-0"]
[WhiteElo "2524"]
[BlackElo "2191"]
[PlyCount "81"]
[EventDate "2019.11.26"]
[EventType "team-tourn"]
[EventCountry "CHN"]
[TimeControl "1500+10"]
[WhiteClock "0:00:11"]
[BlackClock "0:02:27"]

1. e4 c5 2. Nf3 e6 3. d4 cxd4 4. Nxd4 Nf6 5. Nc3 Qb6 6. Nb3 Bb4 7. Bd3 d6 8. O-O Bxc3 9. bxc3 e5 10. Bg5 Nbd7 11. Nd2 O-O 12. Nc4 Qc6 13. Qf3 h6 14. Bh4 d5 15. exd5 Qxd5 16. Qd1 b6 17. Nd6 Bb7 18. f3 Rab8 19. Re1 Qc5+ 20. Kh1 Qxc3 21. Bf5 Qb4 22. c4 Bd5 23. Bxd7 Qxd6 24. Bh3 Qb4 25. Bxf6 Qxc4 26. Bxe5 Rbd8 27. Qc1 Qh4 28. Bg3 Qh5 29. Re5 Qg6 30. Bf5 Qf6 31. Bc2 Rc8 32. Rxd5 Rxc2 33. Qxc2 Qxa1+ 34. Rd1 Qf6 35. h3 Re8 36. Kh2 h5 37. h4 Qe6 38. Rd6 Qe7 39. Qf5 g6 40. Qd5 Qe2 41. Rxg6+ 1-0

[Event "World Prestigious University 2019"]
[Site "Tianjin"]
[Date "2019.11.27"]
[Round "4.16"]
[White "Grigory, Oparin"]
[Black "Fernandez, Daniel Howard"]
[Result "1-0"]
[WhiteElo "2660"]
[BlackElo "2444"]
[PlyCount "97"]
[EventDate "2019.11.26"]
[EventType "team-tourn"]
[EventCountry "CHN"]
[TimeControl "1500+10"]
[WhiteClock "0:00:29"]
[BlackClock "0:23:56"]

1. Nc3 d5 2. e4 dxe4 3. Nxe4 Bf5 4. Ng3 Bg6 5. Nf3 Nd7 6. h4 h6 7. Bc4 e5 8. h5 Bh7 9. Qe2 Bd6 10. d4 Qe7 11. Be3 Ngf6 12. Nh4 O-O 13. Ng6 Bxg6 14. hxg6 exd4 15. gxf7+ Rxf7 16. Nf5 Qe4 17. Bxf7+ Kxf7 18. Qc4+ Kg6 19. Nxd6 cxd6 20. Qxd4 Qxd4 21. Bxd4 Re8+ 22. Kf1 a6 23. Rd1 Ne4 24. Rh3 Re6 25. Re3 d5 26. f3 Ng5 27. Rxe6+ Nxe6 28. Bf2 Nf6 29. Bh4 d4 30. Bf2 Nd5 31. Bxd4 Nb4 32. c3 Nc6 33. Be3 Kf7 34. Kf2 h5 35. Rd7+ Kf6 36. Rxb7 Ne5 37. Ke2 g6 38. Bd4 Nf4+ 39. Kf1 Nfd3 40. Rb6+ Kf5 41. Bxe5 Kxe5 42. b4 Nf4 43. Rxa6 h4 44. a4 h3 45. gxh3 g5 46. a5 Nxh3 47. Rh6 Nf4 48. a6 Nd5 49. a7 1-0

[Event "World Prestigious University 2019"]
[Site "Tianjin"]
[Date "2019.11.27"]
[Round "4.17"]
[White "Behar, Joshua"]
[Black "Dmitry, Gordievskiy"]
[Result "0-1"]
[WhiteElo "1974"]
[BlackElo "2590"]
[PlyCount "62"]
[EventDate "2019.11.26"]
[EventType "team-tourn"]
[EventCountry "CHN"]
[TimeControl "1500+10"]
[WhiteClock "0:07:31"]
[BlackClock "0:04:31"]

1. e4 c5 2. Nf3 Nc6 3. c3 Nf6 4. e5 Nd5 5. Bc4 Nb6 6. Bb3 c4 7. Bc2 d6 8. exd6 Qxd6 9. h3 Qe6+ 10. Qe2 Qxe2+ 11. Kxe2 e5 12. b3 Be6 13. Ba3 h6 14. Bxf8 Rxf8 15. Na3 O-O-O 16. Rhd1 Rfe8 17. Nxc4 Nxc4 18. bxc4 e4 19. Ng1 Bxc4+ 20. Ke3 g5 21. f3 f5 22. fxe4 fxe4 23. Ne2 Rd3+ 24. Kf2 Rxd2 25. Rxd2 e3+ 26. Kf3 exd2 27. Ng3 Re1 28. Rd1 Ne5+ 29. Kf2 Nd3+ 30. Kf3 Bd5+ 31. Kg4 Nf2+ 0-1

[Event "World Prestigious University 2019"]
[Site "Tianjin"]
[Date "2019.11.27"]
[Round "5.1"]
[White "Fernandez, Daniel Howard"]
[Black "TannerAustin, McNamara"]
[Result "1/2-1/2"]
[WhiteElo "2444"]
[BlackElo "1983"]
[PlyCount "59"]
[EventDate "2019.11.26"]
[EventType "team-tourn"]
[EventCountry "CHN"]
[TimeControl "1500+10"]
[WhiteClock "0:07:46"]
[BlackClock "0:05:20"]

1. Nf3 Nf6 2. g3 d5 3. Bg2 Bg4 4. h3 Bh5 5. d3 e6 6. O-O Bd6 7. c4 c6 8. Qb3 Qc7 9. Nc3 Nbd7 10. Bd2 O-O 11. Rac1 Nc5 12. Qc2 dxc4 13. dxc4 Bg6 14. Qd1 Rad8 15. Qe1 Nfe4 16. Nxe4 Nxe4 17. Bb4 c5 18. Ba3 b6 19. Rd1 Rd7 20. Nh4 Nf6 21. Nxg6 hxg6 22. Qc3 Rfd8 23. Qc2 Be5 24. b3 Ne8 25. Bc1 Rxd1 26. Rxd1 Rxd1+ 27. Qxd1 Qd6 28. Qd2 Qxd2 29. Bxd2 Nd6 30. a4 1/2-1/2

[Event "World Prestigious University 2019"]
[Site "Tianjin"]
[Date "2019.11.27"]
[Round "5.2"]
[White "Lei, Sean"]
[Black "Behar, Joshua"]
[Result "1/2-1/2"]
[WhiteElo "1895"]
[BlackElo "1974"]
[PlyCount "65"]
[EventDate "2019.11.26"]
[EventType "team-tourn"]
[EventCountry "CHN"]
[TimeControl "1500+10"]
[WhiteClock "0:15:31"]
[BlackClock "0:07:28"]

1. e4 e6 2. d4 d5 3. Nc3 Nf6 4. exd5 exd5 5. Bd3 Bd6 6. Nge2 Be6 7. Bf4 a6 8. Qd2 Nc6 9. a3 Qd7 10. Bxd6 Qxd6 11. f3 h6 12. Na2 g5 13. Nb4 Nxb4 14. Qxb4 O-O-O 15. Qxd6 Rxd6 16. O-O-O Rdd8 17. Ng3 Nd7 18. Rhe1 c5 19. dxc5 Nxc5 20. Bf5 Rhe8 21. Re5 Nd7 22. Re2 Nf6 23. Rde1 Kd7 24. Bd3 h5 25. Nf5 Bxf5 26. Bxf5+ Kd6 27. Rxe8 Rxe8 28. Rxe8 Nxe8 29. Kd2 Ke5 30. Bd7 Nd6 31. b3 f5 32. Kd3 b5 33. Bc6 1/2-1/2

[Event "World Prestigious University 2019"]
[Site "Tianjin"]
[Date "2019.11.27"]
[Round "5.4"]
[White "Theodorou, Nikolas"]
[Black "Grigory, Oparin"]
[Result "0-1"]
[WhiteElo "2555"]
[BlackElo "2660"]
[PlyCount "56"]
[EventDate "2019.11.26"]
[EventType "team-tourn"]
[EventCountry "CHN"]
[TimeControl "1500+10"]
[WhiteClock "0:06:34"]
[BlackClock "0:05:33"]

1. d4 Nf6 2. c4 e6 3. g3 d5 4. Bg2 Bb4+ 5. Bd2 Be7 6. Nf3 O-O 7. O-O c6 8. Bc3 b6 9. Nbd2 Nbd7 10. b4 c5 11. Ne5 cxd4 12. Nc6 Qe8 13. Bxd4 Bb7 14. cxd5 Nxd5 15. b5 Nc5 16. e4 Bxc6 17. bxc6 Nb4 18. Qg4 g6 19. Bxc5 bxc5 20. e5 Nxc6 21. Qf4 Rd8 22. Rfe1 Rd4 23. Qh6 Qd7 24. Nf3 Rd3 25. h4 Nd4 26. Nh2 Nc2 27. Ng4 Qd4 28. Rec1 Qxg4 0-1

[Event "World Prestigious University 2019"]
[Site "Tianjin"]
[Date "2019.11.27"]
[Round "5.5"]
[White "Dmitry, Gordievskiy"]
[Black "Chandra, Akshat"]
[Result "1-0"]
[WhiteElo "2590"]
[BlackElo "2524"]
[PlyCount "95"]
[EventDate "2019.11.26"]
[EventType "team-tourn"]
[EventCountry "CHN"]
[TimeControl "1500+10"]
[WhiteClock "0:00:24"]
[BlackClock "0:00:44"]

1. c4 e5 2. Nc3 Bb4 3. Nd5 Bc5 4. e3 Nf6 5. b4 Be7 6. Nxe7 Qxe7 7. Bb2 O-O 8. Nf3 d6 9. d3 a5 10. b5 h6 11. Be2 Bg4 12. h3 Bh5 13. O-O Nbd7 14. Nh4 Bxe2 15. Qxe2 c6 16. bxc6 bxc6 17. Nf5 Qe6 18. e4 Kh7 19. f4 Rfb8 20. Rae1 c5 21. Bc3 Rb7 22. Qf3 Kh8 23. Qg3 Ne8 24. Re2 a4 25. Ref2 f6 26. Ne3 Rab8 27. Kh2 Rb1 28. Nd5 Rxf1 29. Rxf1 Rb7 30. f5 Qf7 31. Qf3 Nb6 32. Ne3 Nc8 33. Qd1 Qd7 34. g4 Na7 35. h4 Nc6 36. Qxa4 Ra7 37. Qc2 Nd4 38. Qb2 Rb7 39. Qd2 Qa4 40. Kg3 Qa3 41. Kg2 Ra7 42. Rf2 Rb7 43. Nd5 Rb1 44. g5 fxg5 45. hxg5 Qc1 46. Qxc1 Rxc1 47. Bxd4 cxd4 48. f6 1-0

[Event "World Prestigious University 2019"]
[Site "Tianjin"]
[Date "2019.11.27"]
[Round "5.6"]
[White "Derakhshani, Dorsa"]
[Black "Wang, Nancy"]
[Result "1-0"]
[WhiteElo "2277"]
[BlackElo "1823"]
[PlyCount "115"]
[EventDate "2019.11.26"]
[EventType "team-tourn"]
[EventCountry "CHN"]
[TimeControl "1500+10"]
[WhiteClock "0:01:26"]
[BlackClock "0:01:34"]

1. e4 c5 2. Nf3 g6 3. d4 cxd4 4. Nxd4 Bg7 5. c4 Nc6 6. Be3 Nf6 7. Nc3 O-O 8. Be2 d6 9. O-O Bd7 10. Rb1 Rc8 11. f3 a6 12. Qd2 Nxd4 13. Bxd4 Be6 14. b3 Nd7 15. Be3 f5 16. exf5 Bxf5 17. Rbc1 Qa5 18. Qd5+ Qxd5 19. Nxd5 Rfe8 20. Bg5 Bf6 21. Bxf6 Nxf6 22. Nxf6+ exf6 23. Kf2 Kf7 24. Rfd1 Rc6 25. Rd4 Be6 26. Rcd1 Ke7 27. f4 f5 28. Bf3 Rb6 29. R4d3 Rc8 30. Re1 Kf6 31. Rde3 Bf7 32. Re7 d5 33. Bxd5 Bxd5 34. cxd5 Rc2+ 35. R7e2 Rxe2+ 36. Rxe2 Rb4 37. Ke3 Ke7 38. Rd2 Kd6 39. Rd4 Rb5 40. Kd3 Rxd5 41. Kc4 Rxd4+ 42. Kxd4 b6 43. b4 h6 44. h4 Ke6 45. a3 Kd6 46. a4 Ke6 47. a5 bxa5 48. bxa5 Kd6 49. g3 Kc6 50. h5 gxh5 51. Ke5 Kb5 52. Kxf5 Kxa5 53. Ke6 Kb5 54. f5 a5 55. f6 a4 56. f7 a3 57. f8=Q a2 58. Qa8 1-0

[Event "World Prestigious University 2019"]
[Site "Tianjin"]
[Date "2019.11.27"]
[Round "5.7"]
[White "Isakov, Michael"]
[Black "Daniel, Karim Abbas"]
[Result "1/2-1/2"]
[WhiteElo "2162"]
[BlackElo "2251"]
[PlyCount "128"]
[EventDate "2019.11.26"]
[EventType "team-tourn"]
[EventCountry "CHN"]
[TimeControl "1500+10"]
[WhiteClock "0:01:13"]
[BlackClock "0:01:12"]

1. d4 Nf6 2. Nf3 e6 3. c4 c5 4. d5 exd5 5. cxd5 d6 6. Nc3 g6 7. e4 Bg7 8. Bd3 O-O 9. h3 a6 10. a4 Nh5 11. O-O Nd7 12. Bg5 Bf6 13. Bh6 Bg7 14. Bg5 Bf6 15. Bh6 Re8 16. Qd2 Bg7 17. Rae1 Rb8 18. g4 Nhf6 19. Nh2 b5 20. axb5 axb5 21. Bxb5 Rxb5 22. Bxg7 Kxg7 23. Nxb5 Nxe4 24. Qc2 Ndf6 25. Nc3 Ng5 26. Kg2 Ba6 27. Rg1 Bb7 28. Qd3 Ne6 29. Qd2 Nxd5 30. Nxd5 Bxd5+ 31. Kg3 Bc6 32. Nf3 Qb8 33. Qc3+ Kg8 34. Qf6 Qb7 35. Ng5 Qb3+ 36. Kh2 Nxg5 37. Rxe8+ Bxe8 38. Qxg5 Qxb2 39. Kg3 Qc3+ 40. Qe3 Qxe3+ 41. fxe3 c4 42. Kf4 Ba4 43. Ke4 Kf8 44. Kd4 Bb3 45. Ra1 Ke7 46. g5 Ke6 47. e4 f5 48. Ra7 fxe4 49. Kxe4 c3 50. Rxh7 c2 51. Rc7 d5+ 52. Kd3 Kf5 53. Kd2 Kxg5 54. Rc3 Bc4 55. Kxc2 Kh4 56. Kd2 g5 57. Rf3 g4 58. hxg4 Kxg4 59. Rf8 Kg5 60. Ke3 Bb3 61. Kd4 Bc4 62. Ke5 Kg4 63. Kd4 Kg5 64. Ke3 Bb3 1/2-1/2

[Event "World Prestigious University 2019"]
[Site "Tianjin"]
[Date "2019.11.27"]
[Round "5.8"]
[White "Mihov, Filip"]
[Black "Lu, Andrew H"]
[Result "1/2-1/2"]
[WhiteElo "2191"]
[BlackElo "2071"]
[PlyCount "84"]
[EventDate "2019.11.26"]
[EventType "team-tourn"]
[EventCountry "CHN"]
[TimeControl "1500+10"]
[WhiteClock "0:00:11"]
[BlackClock "0:01:23"]

1. d4 Nf6 2. c4 e6 3. Nc3 Bb4 4. e3 O-O 5. Bd3 c5 6. a3 Bxc3+ 7. bxc3 Nc6 8. Ne2 b6 9. e4 Ne8 10. O-O Ba6 11. Be3 d6 12. Ng3 Na5 13. Qe2 Qd7 14. a4 Rc8 15. d5 e5 16. f4 f6 17. Rf3 Rf7 18. Nf5 Kf8 19. Rh3 g6 20. Nh6 Rg7 21. fxe5 dxe5 22. Rf1 Ke7 23. Rhf3 Kd8 24. Bg5 fxg5 25. Rf7 Rxf7 26. Rxf7 Qxa4 27. Qg4 Rc7 28. Qxg5+ Kc8 29. Rf8 Bxc4 30. Bxc4 Nxc4 31. h3 Kb7 32. Qd8 Ncd6 33. Qh4 Qa1+ 34. Kh2 Qxc3 35. Ng4 a5 36. Nf6 Nxf6 37. Qxf6 Nxe4 38. Qd8 Qg3+ 39. Kg1 Qe1+ 40. Kh2 Qg3+ 41. Kg1 Qe1+ 42. Kh2 Qg3+ 1/2-1/2

[Event "World Prestigious University 2019"]
[Site "Tianjin"]
[Date "2019.11.27"]
[Round "5.13"]
[White "Kukhmazov, Arsen"]
[Black "Bibby, Simon"]
[Result "1-0"]
[WhiteElo "2377"]
[BlackElo "2167"]
[Annotator "RC"]
[PlyCount "75"]
[EventDate "2019.11.26"]
[EventType "team-tourn"]
[EventCountry "CHN"]
[TimeControl "1500+10"]
[WhiteClock "0:01:31"]
[BlackClock "0:20:46"]

1. d4 d6 2. Nf3 Nf6 3. c4 g6 4. g3 Bg7 5. Bg2 O-O 6. O-O c6 7. Nc3 Bf5 8. Ng5 e5 9. d5 cxd5 10. Nxd5 Nc6 11. Nxf6+ Bxf6 12. Ne4 Bxe4 13. Bxe4 Rc8 14. b3 Qc7 15. Ba3 Rfd8 16. Qd2 Be7 17. Bd5 Qa5 18. Qxa5 Nxa5 19. f4 Bf6 20. fxe5 Bxe5 21. Bxf7+ Kg7 22. Rad1 b5 23. Be6 Rc7 24. cxb5 Nb7 25. Bd5 Nc5 26. Bc6 Ne6 27. Bb4 Rf7 28. Rxf7+ Kxf7 29. e3 Ke7 30. a4 g5 31. a5 g4 32. a6 Ng5 33. b6 Rf8 34. Rf1 Nf3+ 35. Kg2 Rc8 36. bxa7 Rxc6 37. a8=Q Rc2+ 38. Rf2 1-0

[Event "World Prestigious University 2019"]
[Site "Tianjin"]
[Date "2019.11.27"]
[Round "5.15"]
[White "Bogachkova, Alena"]
[Black "Balashov, Yuri S"]
[Result "1-0"]
[WhiteElo "2080"]
[BlackElo "2465"]
[PlyCount "113"]
[EventDate "2019.11.26"]
[EventType "team-tourn"]
[EventCountry "CHN"]
[TimeControl "1500+10"]
[WhiteClock "0:01:21"]
[BlackClock "0:02:37"]

1. d4 d5 2. c4 e6 3. Nc3 Nf6 4. cxd5 exd5 5. Bg5 c6 6. e3 Be7 7. Bd3 Be6 8. Nge2 Nh5 9. Bxe7 Qxe7 10. Rb1 Nd7 11. b4 b5 12. Qc2 g6 13. e4 O-O 14. exd5 Bxd5 15. Nxd5 cxd5 16. Bxb5 Ndf6 17. O-O Rab8 18. a4 Qd6 19. Qc5 Ne4 20. Qxd6 Nxd6 21. Bd3 Rfe8 22. Rfc1 Nf6 23. f3 h5 24. Kf2 Kg7 25. b5 Nd7 26. Rc7 Nb6 27. Rxa7 Ra8 28. Ra6 Rab8 29. Rc1 Ndc4 30. a5 Na4 31. b6 Naxb6 32. axb6 Nxb6 33. Rc7 Re6 34. Raa7 Rf6 35. Rab7 Rxb7 36. Rxb7 Nc4 37. Bxc4 dxc4 38. Rc7 c3 39. Nxc3 Rd6 40. d5 g5 41. Rc6 Rd7 42. Ke3 Re7+ 43. Kd4 Kf8 44. Ne4 f6 45. Rxf6+ Kg7 46. Rf5 Kg6 47. Rxg5+ Kh6 48. Re5 Rd7 49. d6 Kg6 50. Kd5 Kf7 51. Rxh5 Kg6 52. g4 Kg7 53. Ke6 Rf7 54. d7 Kf8 55. d8=Q+ Kg7 56. Qh8+ Kg6 57. Qh6# 1-0

[Event "World Prestigious University 2019"]
[Site "Tianjin"]
[Date "2019.11.27"]
[Round "5.16"]
[White "Green, Michael L"]
[Black "Wang, Yue"]
[Result "0-1"]
[WhiteElo "2073"]
[BlackElo "2674"]
[PlyCount "66"]
[EventDate "2019.11.26"]
[EventType "team-tourn"]
[EventCountry "CHN"]
[TimeControl "1500+10"]
[WhiteClock "0:14:29"]
[BlackClock "0:05:00"]

1. c3 Nf6 2. Na3 e5 3. Nc2 d5 4. f3 Bd6 5. g3 O-O 6. Nh3 c5 7. Nf2 Nc6 8. d3 d4 9. e4 b5 10. cxd4 cxd4 11. Bg2 a5 12. O-O a4 13. f4 b4 14. fxe5 Bxe5 15. Bg5 h6 16. Bxf6 Qxf6 17. Ng4 Qd6 18. Nxe5 Nxe5 19. Qd2 Rb8 20. a3 bxa3 21. Nxa3 Ba6 22. Rf5 Nxd3 23. Rd5 Qb6 24. Bf1 Nb4 25. Qxd4 Nxd5 26. Qxb6 Rxb6 27. Bxa6 Rxa6 28. exd5 Rd8 29. Nb5 Rb6 30. Nc3 Rxb2 31. Rxa4 Rc8 32. Nd1 Rb1 33. Rd4 Rcc1 0-1